 Dungeon Crawl Stone Soup version 0.28-a0-10-g964c8b829e (webtiles) character file.

Game seed: 8031774430964335946

54571 jasper the Imperceptible (level 14, -14/59 HPs)
             Began as a Spriggan Enchanter on July 23, 2021.
             Was the Champion of Lugonu.
             Killed from afar by a deep elf zephyrmancer (28 damage)
             ... with a bolt of lightning
             ... on level 13 of the Dungeon on July 25, 2021.
             The game lasted 01:00:57 (30922 turns).

jasper the Imperceptible (Spriggan Enchanter)      Turns: 30922, Time: 01:00:58

Health: -14/59     AC: 11    Str:  4    XL:     14   Next: 35%
Magic:  22/22      EV: 21    Int: 18    God:    Lugonu [******]
Gold:   2096       SH: 16    Dex: 19    Spells: 4/22 levels left

rFire   + + .      SeeInvis +   R - +4 dagger (distort)
rCold   . . .      Faith    .   E - +3 buckler
rNeg    . . .      Spirit   .   q - +2 robe {rF+}
rPois   .          Reflect  +   (helmet restricted)
rElec   .          Harm     .   c - +2 cloak
rCorr   .          Rampage  .   (gloves unavailable)
Will    ++...                   (boots unavailable)
Stlth   ++++++++..              b - amulet of reflection
HPRegen 0.19/turn               I - ring of protection from fire
MPRegen 0.18/turn               a - +4 ring of protection

@: very quick
A: very small, no large weapons, unfitting armour, see invisible, speed 3
a: Renounce Religion, Depart the Abyss, Bend Space, Banish, Corrupt, Enter the
Abyss


You were on level 13 of the Dungeon.
You worshipped Lugonu.
Lugonu was exalted by your worship.
You visited 3 branches of the dungeon, and saw 20 of its levels.

You collected 2648 gold pieces.
You spent 552 gold pieces at shops.

Inventory:

Hand Weapons
 C - a +0 falchion of flaming
 R - a +4 dagger of distortion (weapon)
Missiles
 d - 2 throwing nets
 g - 360 stones
 l - 3 atropa-tipped darts
 x - 34 boomerangs
 A - 11 curare-tipped darts
 B - 3 boomerangs of dispersal
 J - 103 poisoned darts
 M - 4 datura-tipped darts
Armour
 c - a +2 cloak (worn)
 q - a +2 robe of fire resistance (worn)
 y - a scarf of resistance
 E - a +3 buckler (worn)
 Z - a +0 troll leather armour
Magical Staves
 e - a staff of cold
Jewellery
 a - a +4 ring of protection (right hand)
 b - an amulet of reflection (around neck)
 n - a ring of see invisible
 o - a ring of wizardry
 s - a ring of resist corrosion
 z - a ring of wizardry
 D - a ring of wizardry
 G - an amulet of guardian spirit
 I - a ring of protection from fire (left hand)
 N - a ring of ice
 S - a +6 ring of dexterity
 W - a +6 ring of intelligence
Wands
 m - a wand of flame (47)
 O - a wand of charming (21)
 P - a wand of acid (27)
 T - a wand of iceblast (18)
 V - a wand of mindburst (17)
 X - a wand of polymorph (10)
Scrolls
 k - 3 scrolls of teleportation
 r - 3 scrolls of fog
 t - 5 scrolls of amnesia
 Q - 3 scrolls of enchant weapon
 U - 2 scrolls of magic mapping
Potions
 f - 2 potions of cancellation
 h - 6 potions of attraction
 i - a potion of mutation
 j - 4 potions of flight
 p - 2 potions of brilliance
 u - 3 potions of haste
 v - a potion of magic
 w - 3 potions of lignification
 F - 5 potions of curing
 H - 3 potions of might
 K - 3 potions of heal wounds {unknown}
 L - 2 potions of berserk rage {unknown}
 Y - a potion of resistance {unknown}


   Skills:
 - Level 10.0 Short Blades
 - Level 6.2 Dodging
 * Level 22.3 Stealth
 - Level 7.2 Shields
 + Level 4.9 Spellcasting
 - Level 1.0 Conjurations
 + Level 8.8 Hexes
 - Level 3.1 Ice Magic
 - Level 2.2 Air Magic
 - Level 6.6 Poison Magic
 + Level 9.4 Invocations


You had 4 spell levels left.
You knew the following spells:

 Your Spells              Type           Power      Damage    Failure   Level
a - Mephitic Cloud        Conj/Pois/Air  16%        N/A       11%         3
b - Ensorcelled Hibernat  Hex/Ice        50%        N/A       1%          2
c - Tukima's Dance        Hex            36%        N/A       1%          3
d - Confusing Touch       Hex            36%        N/A       1%          3
e - Olgreb's Toxic Radia  Pois           28%        N/A       9%          4
f - Dazzling Flash        Conj/Hex       44%        N/A       5%          3

Your spell library contained the following spells:

 Spells                   Type           Power      Damage    Failure   Level
 Corona                   Hex            40%        N/A       1%          1
 Slow                     Hex            36%        N/A       1%          2
 Sting                    Tmut/Pois      64%        1d6       3%          1
 Poisonous Vapours        Pois/Air       40%        N/A       3%          2
 Summon Guardian Golem    Hex/Summ       20%        N/A       7%          3
 Static Discharge         Conj/Air       10%        N/A       11%         2
 Summon Small Mammal      Summ           16%        N/A       14%         1
 Sublimation of Blood     Necr           2%         N/A       21%         2
 Call Canine Familiar     Summ           4%         N/A       38%         3
 Petrify                  Tmut/Erth      4%         N/A       80%         4
 Silence                  Hex/Air        12%        N/A       36%         5
 Yara's Violent Unravell  Hex/Tmut       10%        3d6       52%         5
 Freezing Cloud           Conj/Ice/Air   6%         6-21      83%         5
 Lightning Bolt           Conj/Air       5%         1d17      89%         5
 Irradiate                Conj/Tmut      3%         3d14      97%         5
 Agony                    Necr           4%         N/A       98%         5
 Blade Hands              Tmut           2%         N/A       98%         5
 Dragon Form              Tmut           2%         N/A       100%        7
 Maxwell's Capacitive Co  Air            6%         ∞         100%        8


Dungeon Overview and Level Annotations

Branches:
Dungeon (13/15)            Temple (0/1) D:4            Lair (5/6) D:11
 Shoals (0/4) Lair:2       Spider (0/4) Lair:3          Orc (2/2) D:9
    Elf (0/3) Orc:2
  Slime: Lair:5-6    Vaults: D:13-14

Altars:
Wu Jian
Beogh
Lugonu

Shops:
Orc:1 !*   Orc:2 :*([!

Annotations:
D:6 2 runed translucent doors, DocClef's ghost, amateur GnDe
Lair:2 2 transporters
Orc:1 corrupted


Innate Abilities, Weirdness & Mutations

You are very small and have problems with some larger weapons.
You are too small for most types of armour.
You have supernaturally acute eyesight. (SInv)
You cover ground extremely quickly. (Speed+++)


Message History

You hit the harpy skeleton.
Space bends around the harpy skeleton.
The harpy skeleton is heavily damaged.
You block the harpy skeleton's attack. x2
A skeletal warrior comes into view. It is wielding a +0 war axe.
You hit the harpy skeleton.
Space warps horribly around the harpy skeleton!
The harpy skeleton is almost destroyed.
You block the harpy skeleton's attack. x2
You puncture the harpy skeleton!
Space warps horribly around the harpy skeleton!
You destroy the harpy skeleton!
Lugonu accepts your kill.
A deep elf zephyrmancer comes into view.
It is wielding a +0 long sword.
A deep elf archer comes into view. It is wielding a +4 dagger.
You block the deep elf pyromancer's attack.
The deep elf zephyrmancer points at you and mumbles some strange words.
The bolt of lightning hits you!!!
Ouch! That really hurt!
The deep elf pyromancer casts a spell.
You take 39 damage, and have 20/59 hp.
MASSIVE DAMAGE!!
The centaur shouts! x2; You hear a shout! x2
The centaur wields a +0 shortbow.
The centaur shoots an arrow.
You reflect the arrow off an invisible shield around you!
The arrow barely misses the centaur.
The centaur wields a +0 shortbow.
The centaur shoots an arrow.
You reflect the arrow off an invisible shield around you!
The arrow hits the centaur!
A centaur comes into view.
The centaur shoots an arrow.
The arrow misses you.
The deep elf archer points at you and mumbles some strange words.
You resist with almost no effort.
The deep elf pyromancer mumbles some strange words.
The deep elf pyromancer blinks!
The centaur shoots an arrow.
The arrow hits you!
* * * LOW HITPOINT WARNING * * *
You hear a shout!
You take 7 damage, and have 13/59 hp.
The deep elf zephyrmancer points at you and mumbles some strange words.
The bolt of lightning hits you!!
You die...

#.......e○○........#
#.......e.Zz.......#
.#####.#.°#.#######
#.#.e.e.E...c#
#..##)#.☼#.##..#
#.#)#)#.E#.# .#
#.)#)##..##c #
#.....#..# c.
#######.@#####
#........#
+........#
#........#
#..<.....#
#........#
#...>....#
#........+
#........#


You could see a skeletal warrior, a deep elf pyromancer, a deep elf
zephyrmancer, 2 fire elementals and a centaur warrior skeleton.

Vanquished Creatures
  An ettin (Orc:2)
  An ogre mage (D:13)
  5 hydras
  9 two-headed ogres
  3 death yaks
  2 orc high priests (Orc:2)
  Nergalle (Lair:1)
  A deep elf pyromancer (D:12)
  An orc knight (Orc:1)
  A cyclops (D:12)
  4 orc sorcerers (Orc:2)
  5 elephants (Lair:5)
  A merfolk siren (Lair:2)
  A black mamba (Lair:3)
  9 cane toads
  A gargoyle (D:11)
  10 komodo dragons
  2 unseen horrors
  4 rime drakes
  4 kobold demonologists
  2 polar bears
  2 trolls
  A harpy skeleton (D:13)
  8 blink frogs
  A meliai zombie (D:10)
  A wraith (D:11)
  6 wyverns
  24 yaks
  5 basilisks
  Grum (D:11)
  An acid dragon (D:11)
  12 water moccasins
  21 orc warriors
  A sky beast (D:5)
  A black bear (Lair:5)
  8 ogres
  8 centaurs
  30 wolves
  18 kobold brigands
  18 bullfrogs
  A gnoll sergeant (D:10)
  2 water moccasin zombies (D:5)
  2 scorpions (D:7)
  2 wyvern skeletons
  A water moccasin skeleton (D:6)
  6 killer bees (D:9)
  5 wights (D:8)
  5 electric eels
  5 centaur zombies
  7 howler monkeys
  2 bullfrog zombies (D:5)
  A hound (D:4)
  2 gnoll shamans
  24 orc priests
  A centaur skeleton (D:3)
  A jelly (D:6)
  2 bullfrog skeletons (D:6)
  3 iguanas
  24 orc wizards
  A killer bee zombie (D:6)
  A hound skeleton (D:4)
  A howler monkey zombie (D:9)
  21 gnolls
  4 adders
  An ufetubus (D:6)
  A worm (D:2)
  2 dart slugs (D:3)
  95 orcs
  3 endoplasms
  2 giant cockroaches
  4 goblins
  4 hobgoblins
  2 quokkas
  3 ball pythons
  3 bats
  5 frilled lizards
  27 kobolds
  3 rats
514 creatures vanquished.

Vanquished Creatures (collateral kills)
  2 wights (D:8)
  An orc (D:9)
3 creatures vanquished.

Vanquished Creatures (others)
  An ettin (Orc:1)
  2 trolls (Orc:1)
  4 dancing weapons
  A warg (Orc:1)
  An orc warrior (Orc:1)
  A kobold brigand (D:12)
  4 orc wizards
  2 orcs
  11 fungi
  65 plants
  6 starspawn tentacles (Orc:1)
98 creatures vanquished.

Grand Total: 615 creatures vanquished

Notes
Turn   | Place    | Note
-------+----------+-------------------------------------------
     0 | D:1      | jasper the Spriggan Enchanter began the quest for the Orb.
     0 | D:1      | Reached XP level 1. HP: 9/9 MP: 5/5
   926 | D:2      | Reached XP level 2. HP: 3/13 MP: 6/6
  1170 | D:2      | Learned a level 2 spell: Ensorcelled Hibernation
  1372 | D:1      | Found a faded altar of an unknown god.
  1375 | D:1      | Became a worshipper of Lugonu the Unformed
  1375 | D:1      | Reached * piety under Lugonu
  1375 | D:1      | Reached ** piety under Lugonu
  1658 | D:2      | Reached skill level 5 in Stealth
  2086 | D:2      | Reached XP level 3. HP: 16/16 MP: 5/8
  2133 | D:2      | Reached skill level 1 in Invocations
  2257 | D:2      | You fall into a shaft and drop 1 floor!
  2880 | D:3      | Learned a level 3 spell: Tukima's Dance
  3156 | D:3      | Reached XP level 4. HP: 17/21 MP: 9/9
  3575 | D:3      | Reached skill level 6 in Stealth
  3705 | D:4      | Reached XP level 5. HP: 24/24 MP: 10/10
  3918 | D:4      | Found a staircase to the Ecumenical Temple.
  3976 | D:4      | Reached skill level 7 in Stealth
  3976 | D:4      | Reached skill level 5 in Hexes
  4085 | D:4      | Reached XP level 6. HP: 26/28 MP: 11/11
  4089 | D:4      | Learned a level 3 spell: Confusing Touch
  4540 | D:5      | Entered Level 5 of the Dungeon
  4853 | D:5      | Reached skill level 5 in Dodging
  4963 | D:5      | Noticed a sky beast
  4971 | D:5      | Killed a sky beast
  4972 | D:5      | Reached skill level 8 in Stealth
  4994 | D:5      | Reached XP level 7. HP: 32/32 MP: 5/12
  5183 | D:5      | Reached skill level 9 in Stealth
  5438 | D:5      | Reached *** piety under Lugonu
  6185 | D:5      | Reached XP level 8. HP: 36/36 MP: 9/13
  6401 | D:6      | Reached skill level 10 in Stealth
  6631 | D:6      | Learned a level 3 spell: Mephitic Cloud
  6740 | D:6      | Found a runed translucent door.
  6745 | D:6      | Noticed DocClef's ghost (amateur GnDe)
  7079 | D:6      | Found an ornate altar of the Wu Jian Council.
  7189 | D:6      | Reached skill level 1 in Shields
  7444 | D:6      | Found a runed translucent door.
  7466 | D:6      | Reached skill level 1 in Ice Magic
  7939 | D:7      | Reached skill level 11 in Stealth
  9136 | D:8      | Noticed a kobold demonologist
  9163 | D:8      | Reached XP level 9. HP: 36/39 MP: 0/14
  9169 | D:8      | Reached **** piety under Lugonu
  9360 | D:8      | Reached skill level 12 in Stealth
  9453 | D:8      | Reached skill level 5 in Short Blades
  9679 | D:8      | Killed a kobold demonologist
  9942 | D:9      | Found a staircase to the Orcish Mines.
  9990 | D:9      | Reached skill level 13 in Stealth
 10399 | D:9      | Reached skill level 1 in Poison Magic
 10668 | D:8      | Reached ***** piety under Lugonu
 10685 | D:8      | Reached XP level 10. HP: 20/44 MP: 2/15
 10687 | D:8      | Reached skill level 14 in Stealth
 11351 | D:8      | Noticed a two-headed ogre
 11560 | D:8      | Killed a two-headed ogre
 11561 | D:8      | Reached skill level 1 in Air Magic
 11908 | D:8      | Identified a scroll of acquirement
 11908 | D:8      | Acquired 1009 gold pieces
 11974 | D:9      | Noticed a two-headed ogre
 12086 | D:9      | Killed a two-headed ogre
 12087 | D:9      | Reached skill level 15 in Stealth
 13284 | D:10     | Entered Level 10 of the Dungeon
 13327 | D:10     | Reached skill level 1 in Conjurations
 14286 | D:10     | Reached skill level 16 in Stealth
 14286 | D:10     | Reached XP level 11. HP: 47/47 MP: 16/16
 14289 | D:10     | Noticed a two-headed ogre
 14308 | D:10     | Killed a two-headed ogre
 14418 | D:10     | Learned a level 4 spell: Olgreb's Toxic Radiance
 15013 | D:11     | Reached skill level 5 in Shields
 15276 | D:11     | Found a staircase to the Lair.
 15471 | D:11     | Reached skill level 17 in Stealth
 15541 | D:11     | Noticed Grum
 15564 | D:11     | Killed Grum
 15809 | D:11     | Noticed a two-headed ogre
 16048 | D:11     | Killed a two-headed ogre
 16466 | D:11     | Reached skill level 5 in Poison Magic
 16973 | D:12     | Noticed a seven-headed hydra
 16975 | D:12     | Killed a seven-headed hydra
 17126 | D:12     | Noticed an eight-headed hydra
 17135 | D:12     | Banished an eight-headed hydra
 17136 | D:12     | Reached skill level 5 in Invocations
 17136 | D:12     | Reached XP level 12. HP: 51/51 MP: 8/17
 17567 | Lair:1   | Entered Level 1 of the Lair of Beasts
 17567 | Lair:1   | Noticed a six-headed hydra
 17571 | Lair:1   | Killed a six-headed hydra
 18408 | Lair:1   | Noticed Nergalle
 18415 | Lair:1   | Killed Nergalle
 18416 | Lair:1   | Reached skill level 18 in Stealth
 18828 | Lair:1   | Upgraded the game from 0.28-a0-2-g643f2454ad to
                  | 0.28-a0-10-g964c8b829e
 19123 | Lair:1   | Reached ****** piety under Lugonu
 19124 | Lair:1   | Identified a +4 dagger of distortion (a +2 vampiric dagger
                  | corrupted by Lugonu)
 19124 | Lair:1   | Received a gift from Lugonu
 20086 | Lair:2   | Found a transporter.
 20099 | Lair:2   | Found a transporter.
 20217 | Lair:2   | Found a staircase to the Shoals.
 20698 | Lair:2   | Reached skill level 19 in Stealth
 21418 | Lair:3   | Reached skill level 10 in Short Blades
 21470 | Lair:3   | Reached XP level 13. HP: 55/55 MP: 19/19
 21500 | Lair:3   | Found a hole to the Spider Nest.
 23578 | Lair:4   | Found a frozen archway.
 23595 | Lair:4   | Reached skill level 20 in Stealth
 25519 | Lair:5   | Reached skill level 21 in Stealth
 26137 | Orc:1    | Entered Level 1 of the Orcish Mines
 26143 | Orc:1    | Noticed an ettin
 26456 | Orc:1    | Found Lumavigadd's Assorted Antiques.
 26463 | Orc:1    | Bought a potion of magic for 248 gold pieces
 26464 | Orc:1    | Corrupted Orc:1
 26466 | Orc:1    | Noticed a tentacled starspawn
 26469 | Orc:1    | Killed an ettin
 26976 | Orc:1    | Found Emowogu's Distillery.
 26987 | Orc:1    | Bought a potion of curing for 48 gold pieces
 27070 | Orc:2    | Entered Level 2 of the Orcish Mines
 27702 | Orc:2    | Found a staircase to the Elven Halls.
 27910 | Orc:2    | Found Eralaom's General Store.
 27924 | Orc:2    | Learned a level 3 spell: Dazzling Flash
 28205 | Orc:2    | Found Byxziur's Self-Improvement Boutique.
 28542 | Orc:2    | Reached XP level 14. HP: 54/59 MP: 17/21
 28721 | Orc:2    | Found Puonegargh's Distillery.
 28876 | Orc:2    | Noticed an orc warlord
 29139 | Orc:2    | Found Ladethreoha's Antique Armour Boutique.
 29144 | Orc:2    | Found Guinn's Antique Weapon Shop.
 29152 | Orc:2    | Bought a runed scarf for 256 gold pieces
 29522 | Orc:2    | Banished an orc warlord
 30175 | D:12     | Reached skill level 22 in Stealth
 30922 | D:13     | Killed from afar by a deep elf zephyrmancer

Illustrated notes

Levels and vault maps discovered:
D:1:      giann_wishing_wells, layout_loops_ring, basic_ecumenical_altar,
          corexii_item_surrounded_by_moat, hangedman_decor_clover_reticule,
          hangedman_decor_push
D:2:      minmay_angry_zag, layout_rooms
D:3:      layout_loops_ring
D:4:      layout_loops_cross, minmay_temple_entry_slanted
D:5:      layout_basic
D:6:      layout_loops_ring, lemuel_crystal_altar, ebering_ghost_sewer_f
D:7:      layout_layer_cave, hex_large
D:8:      layout_basic, special_room [special_room_kobold]
D:9:      layout_loops_ring, erik_orc_3
D:10:     layout_loops_ring
D:11:     layout_loops_ring, erik_lair_dragon, uniq_grum
D:12:     layout_rooms
D:13:     layout_roguey, hangedman_vaults_entry_quadrant_bands
Lair:1:   layout_cave_pods, serial_bayou_lake_a, uniq_nergalle
Lair:2:   gammafunk_worm_tunnel, layout_gridlike, elwin_shoals_entry_stream
Lair:3:   layout_cave_pods, spider_nest_entry_web_field,
          chequers_serial_rivers_marsh, beast_lair_carwin_9
Lair:4:   statuecave_lemuel, layout_hall_layers, portal_ice_cave_rime,
          serial_bayou_lagoon_a, lemuel_fruit_fields
Lair:5:   layout_cave_shapes, minivault_23, grunt_megastairs_4,
          serial_bayou_shore_a
Orc:1:    layout_caves, basic_altar, serial_shops, shop, nicolae_diamond_shop
Orc:2:    grunt_orc_community_town_hall, layout_caves,
          grunt_orc_community_big_house_2, grunt_orc_community_big_house_2,
          grunt_orc_community_house_1, grunt_orc_community_house_2,
          grunt_orc_community_house_3, grunt_orc_community_house_2,
          grunt_orc_community_house_1, grunt_orc_community_house_2,
          nicolae_shop_self_help

Skill      XL: |  1  2  3  4  5  6  7  8  9 10 11 12 13 14 |
---------------+-------------------------------------------+-----
Dodging        | 3 4 5 6 |  6.2
Hexes          | 4 5 6 7 8 |  8.8
Stealth        | 5 6 7 8 9 11 13 16 17 19 21 22 | 22.3
Invocations    | 1 2 3 5 6 9 |  9.4
Short Blades   | 3 4 6 7 8 10 | 10.0
Shields        | 2 3 4 5 6 7 |  7.2
Ice Magic      | 2 3 |  3.1
Poison Magic   | 2 6 |  6.6
Air Magic      | 2 |  2.2
Conjurations   | 1 |  1.0
Spellcasting   | 3 4 |  4.9

Action                   |  1- 3 |  4- 6 |  7- 9 | 10-12 | 13-15 || total
-------------------------+-------+-------+-------+-------+-------++-------
Melee: Dagger            |    62 |    67 |   217 |   373 |   378 ||  1097
 Cast: Corona            |     3 |       |       |       |       ||     3
       Ensorcelled Hiber |    22 |    26 |   105 |   217 |   105 ||   475
       Confusing Touch   |       |     1 |     9 |    10 |     8 ||    28
       Tukima's Dance    |       |       |     4 |    14 |     5 ||    23
       Mephitic Cloud    |       |       |     1 |       |       ||     1
       Olgreb's Toxic Ra |       |       |       |     4 |    67 ||    71
       Dazzling Flash    |       |       |       |       |     8 ||     8
Invok: Banish            |       |       |       |     2 |     1 ||     3
       Brand Weapon With |       |       |       |     1 |       ||     1
       Corrupt           |       |       |       |       |     1 ||     1
Evoke: Wand              |       |     5 |    12 |    17 |     7 ||    41
  Use: Scroll            |     3 |     4 |     4 |    15 |     5 ||    31
       Potion            |       |       |       |       |     1 ||     1
 Stab: Sleeping          |    19 |    20 |    68 |   130 |    72 ||   309
       Confused          |       |     1 |    10 |    12 |       ||    23
       Distracted        |       |       |       |     1 |     1 ||     2
       Invisible         |       |       |       |       |     7 ||     7
Armor: Robe              |     9 |    12 |    18 |    22 |    16 ||    77
Dodge: Dodged            |    46 |    56 |   114 |   196 |   156 ||   568
Block: Buckler           |       |       |    51 |   165 |   248 ||   464
       Reflection        |       |       |       |       |     5 ||     5

Table legend: (Time is in decaauts)
 A = Elapsed time spent in this place.
 B = Non-inter-level travel time spent in this place.
 C = Inter-level travel time spent in this place.
 D = Time resting spent in this place.
 E = Time spent auto-exploring this place.
 F = Levels seen in this place.
 G = Mean time per level.
                   A        B        C        D        E       F      G
               +--------+--------+--------+--------+--------+-----+--------+
         Total |  24852 |  24117 |    735 |   7017 |  12989 |  20 | 1242.6 |
       Dungeon |  14941 |  14393 |    548 |   4262 |   7821 |  13 | 1149.3 |
          Lair |   6766 |   6618 |    148 |   1978 |   3582 |   5 | 1353.2 |
  Orcish Mines |   3144 |   3106 |     38 |    776 |   1586 |   2 | 1572.0 |
               +--------+--------+--------+--------+--------+-----+--------+

Top non-repeatable levels by time:
    D:11: 2033 daAuts
   Orc:2: 2016 daAuts
     D:9: 1948 daAuts
     D:5: 1649 daAuts
     D:8: 1649 daAuts
  Lair:1: 1622 daAuts
  Lair:2: 1445 daAuts
  Lair:5: 1397 daAuts
    D:10: 1275 daAuts
     D:1: 1263 daAuts
  Lair:4: 1177 daAuts
     D:6: 1161 daAuts
   Orc:1: 1127 daAuts
  Lair:3: 1123 daAuts
     D:2: 925 daAuts
